 Dungeon Crawl Stone Soup version 0.31.0-32-g396128a36d (webtiles) character file.

Game seed: 8381857590447812027

1680 Deinotrainer the Covert (level 9, -1/49 (54) HPs)
             Began as a Kobold Brigand on Mar 8, 2024.
             Was an Initiate of Dithmenos.
             Slain by Prince Ribbit (10 damage)
             ... on level 6 of the Dungeon on Mar 9, 2024.
             The game lasted 00:49:17 (6046 turns).

Deinotrainer the Covert (Kobold Brigand)            Turns: 6046, Time: 00:49:17

HP:   -1/49 (54)    AC: 10    Str:  8    XL:     9   Next: 21%
MP:   9/9           EV: 15    Int: 13    God:    Dithmenos [......]
Gold: 237           SH:  0    Dex: 20    Spells: 8/8 levels left

rFire   + + +        a - +2 dagger
rCold   . . .        (no shield)
rNeg    . . .        G - +1 robe "Elipnuok" {+Inv rF+++ Will- Stlth+}
rPois   .            A - +0 helmet
rElec   .            c - +0 cloak
rCorr   .            w - +0 pair of gloves
SInv    .            (no boots)
Will    .....        (no amulet)
Stlth   +++++++      h - +4 ring of protection
HPRegen 0.28/turn    (no ring)
MPRegen 0.11/turn

%: no passive effects
@: drained
A: small, no large weapons, nightstalker 3
a: Renounce Religion, Evoke Invisibility


You were on level 6 of the Dungeon.
You worshipped Dithmenos.
Dithmenos was noncommittal.
You visited 2 branches of the dungeon, and saw 8 of its levels.

You collected 237 gold pieces.

Inventory:

Hand Weapons
 a - a +2 dagger (weapon)
 l - a +0 short sword
 m - a +0 dagger of holy wrath
 s - a +4 quarterstaff of chaos
 u - a +1 whip of electrocution
 z - a +0 giant club
 F - a +0 long sword
Missiles
 d - 10 poisoned darts (quivered)
 e - 2 throwing nets
 v - 2 curare-tipped darts
Armour
 b - a +0 robe
 c - a +0 cloak (worn)
 g - a scarf of invisibility
 q - the +1 scale mail "Nigrowam" {-Cast rPois Dex+2}
   (You found it on level 3 of the Dungeon)

   Dex+2:     It affects your dexterity (+2).
   rPois:     It protects you from poison -Cast: It prevents spellcasting.
 w - a +0 pair of gloves (worn)
 A - a +0 helmet (worn)
 E - the +2 pair of gloves of Monotheism {Harm MP+9 Str-5 Dex+5}
   (You found it on level 5 of the Dungeon)

   Str-5:     It affects your strength (-5).
   Dex+5:     It affects your dexterity (+5).
   MP+9:      It affects your magic capacity (+9).
   Harm:      It increases damage dealt and taken.
 G - the +1 robe "Elipnuok" (worn) {+Inv rF+++ Will- Stlth+}
   (You found it on level 5 of the Dungeon)

   rF+++:     It renders you almost immune to fire.
   Will-:     It decreases your willpower.
   +Inv:      It lets you turn invisible.
   Stlth+:    It makes you more stealthy.
Jewellery
 h - a +4 ring of protection (left hand)
Scrolls
 f - a scroll of noise {unknown}
 i - a scroll of acquirement {unknown}
 j - 3 scrolls of identify {unknown}
 k - a scroll of blinking {unknown}
 x - 2 scrolls of enchant armour {unknown}
 y - a scroll of revelation {unknown}
 C - a scroll of fear {unknown}
 H - a scroll of amnesia {unknown}
 I - a scroll of enchant weapon {unknown}
Potions
 n - a potion of might {unknown}
 o - a potion of attraction {unknown}
 p - a potion of heal wounds {unknown}
 r - a potion of magic {unknown}
 t - 2 potions of curing {unknown}
 B - a potion of brilliance {unknown}
 D - a potion of ambrosia {unknown}
 J - a potion of berserk rage {unknown}


   Skills:
 - Level 5.1 Fighting
 - Level 10.1 Short Blades
 - Level 2.1 Throwing
 * Level 2.5 Dodging
 - Level 11.0 Stealth


You had 8 spell levels left.
You didn't know any spells.
Your spell library contained the following spells:

 Spells                   Type           Power      Damage    Failure   Level
 Dazzling Flash           Conj/Hex       0%         N/A       67%         3
 Volatile Blastmotes      Fire/Tloc      0%         2d10      67%         3
 Starburst                Conj/Fire      0%         6d3       100%        6
 Maxwell's Capacitive Co  Air            0%         ∞         100%        8


Dungeon Overview and Level Annotations

Branches:
Dungeon (7/15)             Temple (1/1) D:6

Altars:
Ashenzari
Cheibriados
Dithmenos
Elyvilon
Fedhas
Hepliaklqana
Kikubaaqudgha
Makhleb
Nemelex Xobeh
Sif Muna
Trog
Vehumet
Xom
Zin
The Shining One

Annotations:
D:6 Prince Ribbit


Innate Abilities, Weirdness & Mutations

You are small and have problems with some larger weapons.
You are completely attuned to the shadows.


Message History

a poisoned dart; a curare-tipped dart Prince Ribbit looks more healthy.
Prince Ribbit hits you but does no damage.
You see here 2 poisoned darts.
Prince Ribbit barely misses you.
You see here a poisoned dart.
Prince Ribbit attacks as he pursues you!
Prince Ribbit hits you but does no damage.
Prince Ribbit hits you!
Prince Ribbit hops awkwardly around.
Prince Ribbit hits you!
Prince Ribbit attacks as he pursues you!
Prince Ribbit misses you. Prince Ribbit hits you!
* * * LOW HITPOINT WARNING * * *
Prince Ribbit blinks!
Prince Ribbit blinks!
You see here a poisoned dart.
Prince Ribbit blinks!
d - 9 poisoned darts (gained 2) Prince Ribbit blinks!
d - 10 poisoned darts (gained 1);
v - 2 curare-tipped darts (gained 1)
There is an open door here.
e - 2 throwing nets Prince Ribbit lets out a mournful croak.
Prince Ribbit blinks!
Prince Ribbit attacks as he pursues you!
Prince Ribbit misses you. Prince Ribbit hits you.
* * * LOW HITPOINT WARNING * * *
There is an open door here.
Prince Ribbit attacks as he pursues you!
Prince Ribbit completely misses you.
Prince Ribbit attacks as he pursues you!
Prince Ribbit hits you.
* * * LOW HITPOINT WARNING * * *
Prince Ribbit closely misses you.
Prince Ribbit lets out a mournful croak.
Prince Ribbit attacks as he pursues you!
Prince Ribbit hits you!
You die...

#.######.##########............##
#......#.........................
######.############........†.....
# #............#.........).... #
############.#.........)..## #
#....# #.#.............. # #...$#
#.#...........###
#######....######.#...........#
..(...'....'...F@.#.......[...#
#######....########...........#
#...(##.......######......
#....##.......# #######
#....##.......#
#....##.......########
#...............
#................
#..........).......#


You could see Prince Ribbit.

Vanquished Creatures
  Pikel (D:4)
  Menkaure (D:5)
  A water moccasin (D:5)
  2 ogres (D:4)
  A centaur (D:6)
  A lemure (D:4)
  A kobold brigand (D:6)
  A scorpion (D:4)
  2 howler monkeys
  A bombardier beetle (D:5)
  3 jellies
  A hound (D:5)
  Crazy Yiuf (D:3)
  A gnoll bouda (D:5)
  3 iguanas (D:5)
  Terence (D:2)
  An orc wizard (D:5)
  Natasha (D:2)
  Robin (D:3)
  3 gnolls (D:5)
  7 adders
  A ribbon worm (D:3)
  7 orcs
  12 endoplasms
  3 giant cockroaches
  15 goblins
  6 hobgoblins
  2 jackals (D:2)
  A ball python (D:4)
  2 frilled lizards
  11 kobolds
  2 rats
97 creatures vanquished.

Notes
Turn   | Place    | Note
-------+----------+-------------------------------------------
     0 | D:1      | Deinotrainer the Kobold Brigand began the quest for the
                  | Orb.
     0 | D:1      | Reached XP level 1. HP: 12/12 MP: 1/1
    87 | D:1      | You fall into a shaft and drop 1 floor!
   188 | D:2      | Reached XP level 2. HP: 17/18 MP: 2/2
   325 | D:2      | Noticed Terence
   361 | D:2      | Killed Terence
   362 | D:2      | Reached XP level 3. HP: 16/22 MP: 3/3
   619 | D:2      | Reached skill level 5 in Short Blades
   619 | D:2      | Reached XP level 4. HP: 27/27 MP: 4/4
   806 | D:2      | Noticed Natasha
   808 | D:2      | Killed Natasha
   997 | D:3      | Noticed Robin
  1027 | D:3      | Killed Robin
  1028 | D:3      | Reached XP level 5. HP: 30/31 MP: 5/5
  1177 | D:3      | Identified the +1 scale mail "Nigrowam" {-Cast rPois Dex+2}
  1209 | D:3      | Reached skill level 6 in Stealth
  2006 | D:3      | Found a runed translucent door.
  2009 | D:3      | Noticed Crazy Yiuf
  2025 | D:3      | Killed Crazy Yiuf
  2316 | D:4      | Found a shimmering blue altar of Sif Muna.
  2322 | D:4      | Found a sparkling altar of Nemelex Xobeh.
  2427 | D:4      | Reached skill level 7 in Stealth
  2427 | D:4      | Reached XP level 6. HP: 36/36 MP: 6/6
  2460 | D:4      | Noticed Pikel
  2481 | D:4      | Killed Pikel
  2482 | D:4      | Reached skill level 11 in Stealth
  2482 | D:4      | Reached XP level 7. HP: 15/40 MP: 7/7
  2858 | D:4      | Reached XP level 8. HP: 45/45 MP: 8/8
  2919 | D:4      | Found a blossoming altar of Fedhas.
  2990 | D:4      | Upgraded the game from 0.31.0-12-g77e489cdc1 to
                  | 0.31.0-32-g396128a36d
  3866 | D:5      | Entered Level 5 of the Dungeon
  3879 | D:5      | Noticed Menkaure
  3918 | D:5      | Killed Menkaure
  4201 | D:5      | Reached skill level 10 in Short Blades
  4604 | D:5      | Identified the +2 pair of gloves of Monotheism {Harm MP+9
                  | Str-5 Dex+5}
  4761 | D:5      | Identified the +1 robe "Elipnuok" {+Inv rF+++ Will- Stlth+}
  4879 | D:5      | Reached XP level 9. HP: 51/51 MP: 9/9
  5375 | D:6      | Reached skill level 5 in Fighting
  5404 | D:6      | Found a staircase to the Ecumenical Temple.
  5450 | Temple   | Entered the Ecumenical Temple
  5494 | Temple   | Became a worshipper of Dithmenos the Shadowed
  5591 | D:6      | Found a radiant altar of Vehumet.
  5677 | D:6      | Noticed Prince Ribbit
  6046 | D:6      | Slain by Prince Ribbit

Illustrated notes

Levels and vault maps discovered:
D:1:      eino_arrival_druids_welcome, layout_loops_ring
D:2:      layout_loops_ring, minmay_misc_feat_encased, minmay_tiny_reverse_x,
          uniq_natasha, uniq_terence
D:3:      layout_basic, st_stairs_8, uniq_robin, uniq_crazy_yiuf_cottage
D:4:      layout_basic, nemelex_xobeh_ov_fountains_minmay, lemuel_doored_altar,
          nicolae_sif_muna_little_library, hangedman_decor_slide_cut,
          kennysheep_opposing_triangles, uniq_pikel
D:5:      layout_basic, uniq_menkaure
D:6:      layout_basic, yredelemnul_altar_generic, nicolae_vehumet_radiance,
          minmay_temple_entry_overgrown, uniq_edmund, uniq_prince_ribbit1,
          uniq_jeremiah
D:7:      lemuel_bear_cage, layout_loops_ring, mainiacjoe_overflow_swirl
Temple:   grunt_temple_mini_profane

Skill      XL: |  1  2  3  4  5  6  7  8  9 |
---------------+----------------------------+-----
Short Blades   | 3 4 5 6 10 | 10.1
Stealth        | 7 11 | 11.0
Fighting       | 3 5 |  5.1
Dodging        | 2 |  2.5
Throwing       | |  2.1

Action                     |  1- 3 |  4- 6 |  7- 9 || total
---------------------------+-------+-------+-------++-------
  Melee: Dagger            |    38 |   116 |   170 ||   324
         Punch             |     1 |     2 |     2 ||     5
  Throw: Dart              |     9 |    15 |    24 ||    48
         Throwing net      |       |       |     2 ||     2
  Evoke: Wand              |     1 |       |     7 ||     8
   Stab: Sleeping          |     4 |    11 |    16 ||    31
         Distracted        |     1 |     1 |       ||     2
 Armour: Robe              |     8 |    33 |    91 ||   132
  Dodge: Dodged            |    14 |    43 |    89 ||   146
